 Dungeon Crawl Stone Soup version 0.29.0-4-gdea44cf6ec (webtiles) character file.

Game seed: 12138415844032157319

324 qw the Ruffian (level 6, -1/52 HPs)
             Began as a Ghoul Fire Elementalist on Aug 30, 2022.
             Slain by Grinder (3 damage)
             ... on level 3 of the Dungeon.
             The game lasted 00:03:25 (4027 turns).

qw the Ruffian (Ghoul Fire Elementalist)            Turns: 4027, Time: 00:03:25

Health: -1/52      AC:  9    Str: 20    XL:     6   Next: 48%
Magic:  0/7        EV:  7    Int: 10    God:
Gold:   49         SH:  0    Dex:  9    Spells: 7/8 levels left

rFire   . . .      SeeInvis .     - Unarmed
rCold   + . .      Faith    .   (no shield)
rNeg    + + +      Spirit   +   j - +0 chain mail
rPois   inf        Reflect  .   (no helmet)
rElec   .          Harm     .   (no cloak)
rCorr   .          Rampage  .   (no gloves)
Will    .....                   k - +0 pair of boots
Stlth   ..........              h - amulet of guardian spirit
HPRegen 0.00/turn               d - +6 ring of strength
MPRegen 0.10/turn               (no ring)

@: inhibited regen
A: claws 1, cold resistance 1, negative energy resistance 3, inhibited
regeneration, torment resistance 2, devour on kill
a: no special abilities


You were on level 3 of the Dungeon.
You visited 1 branch of the dungeon, and saw 3 of its levels.

You collected 175 gold pieces.
You spent 126 gold pieces at shops.


Innate Abilities, Weirdness & Mutations

You are immune to poison.
You have sharp fingernails.
Your flesh is cold resistant. (rC+)
You are immune to negative energy. (rN+++)
You do not regenerate when monsters are visible.
You are immune to unholy pain and torment.
You thrive by killing the living.


   Skills:
 - Level 3.8 Fighting
 - Level 1.5 Armour
 - Level 1.7 Dodging
 - Level 2.1 Stealth
 + Level 5.0 Unarmed Combat
 - Level 1.7 Spellcasting
 - Level 0.7 Conjurations
 - Level 2.4 Fire Magic


You had 7 spell levels left.
You knew the following spells:

 Your Spells              Type           Power      Damage    Failure   Level
a - Foxfire               Conj/Fire      16%        2x1d4     88%         1

Your spell library contained the following spells:

 Spells                   Type           Power      Damage    Failure   Level
 Scorch                   Fire           10%        2d6       90%         2
 Conjure Flame            Conj/Fire      4%         6-21      99%         3
 Inner Flame              Hex/Fire       3%         N/A       100%        3
 Flame Wave               Conj/Fire      4%         2d5       100%        4

Inventory:

Armour
 j - a +0 chain mail (worn)
 k - a +0 pair of boots (worn)
Jewellery
 d - a +6 ring of strength (left claw)
 h - an amulet of guardian spirit (around neck)
Scrolls
 c - a scroll of magic mapping {unknown}
 g - a scroll of amnesia {unknown}
 i - a scroll of identify {unknown}
Potions
 b - a potion of heal wounds {unknown}
 e - a potion of brilliance {unknown}
 f - a potion of might

Dungeon Overview and Level Annotations

Branches:
Dungeon (3/15)

Altars:

Shops:
D:2 [

Annotations:
D:3 Grinder


Message History

4016 ||| Stepping ~*~*~tactically~*~*~ (outnumbered).
You scratch the jackal but do no damage.
The jackal is almost dead.
The jackal bites you but does no damage.
You scratch the jackal.
You kill the jackal!
The jackal barely misses you.
You closely miss the jackal.
The jackal bites you but does no damage.
The jackal barely misses you. x2
You claw the jackal!
You kill the jackal!
The jackal barely misses you. The jackal closely misses you.
Your Unarmed Combat skill increases to level 5!
You claw the jackal!
You kill the jackal!
You feel better.
The jackal bites you but does no damage.
You scratch Grinder.
Grinder is almost dead.
The jackal barely misses you. Grinder hits you.
You closely miss Grinder.
Grinder is almost dead.
The jackal bites you but does no damage.
Grinder gestures at you.
You suddenly lose the ability to move!
The jackal bites you but does no damage.
The jackal bites you but does no damage.
Grinder hits you! The jackal bites you. Grinder hits you!
You can move again.
You closely miss Grinder.
Grinder is almost dead.
The jackal barely misses you. Grinder hits you but does no damage.
The jackal bites you but does no damage.
You barely miss Grinder. Your claw misses Grinder.
Grinder is almost dead.
The jackal bites you but does no damage.
Grinder hits you.
You die...

.......#....#..##.5.#
########..........#
######%.##.#####
#.....5.....##
####.#..#....... #
+..........###.##.#
####.#.............
#..5###.##...###
#>.h@...........
#.#.##...#.....
#.#.##...# ....
#.#......# ....
#.#.(.).<#...##
#..............
###.###)##...##
##..))........
#....#.#.....# .#


You could see Grinder and a jackal.

Vanquished Creatures
  Pargi (D:3)
  2 orc priests (D:3)
  An orc wizard (D:3)
  6 adders
  3 worms
  9 orcs (D:3)
  5 ball pythons
  4 endoplasms
  2 giant cockroaches
  4 goblins
  5 hobgoblins
  11 jackals
  6 quokkas
  4 bats (D:1)
  A frilled lizard (D:3)
  5 kobolds
  13 rats
82 creatures vanquished.

Notes
Turn   | Place    | Note
-------+----------+-------------------------------------------
     0 | D:1      | qw the Ghoul Fire Elementalist began the quest for the Orb.
     0 | D:1      | Reached XP level 1. HP: 14/14 MP: 2/2
     0 | D:1      | 0 ||| qw: Version: 0.1-a-90-g952f4b7
     0 | D:1      | 0 ||| qw: Game counter: 4292
     0 | D:1      | 0 ||| qw: Always use a shield: true
     0 | D:1      | 0 ||| qw: God list: Okawaru
     0 | D:1      | 0 ||| qw: Allow faded altars: false
     0 | D:1      | 0 ||| qw: Do Orc after D:15 true
     0 | D:1      | 0 ||| qw: Do second Lair branch before Depths: true
     0 | D:1      | 0 ||| qw: Lair rune preference: random
     0 | D:1      | 0 ||| qw: Plans: Normal
     0 | D:1      | 0 ||| PLANNING D:1-11
   107 | D:1      | Reached skill level 1 in Unarmed Combat
   109 | D:1      | HP: 2/14 [jackal (3)]
   112 | D:1      | Reached XP level 2. HP: 3/22 MP: 3/3
   115 | D:1      | Reached skill level 1 in Fighting
   163 | D:1      | 163 ||| Stepping ~*~*~tactically~*~*~ (stealth).
   172 | D:1      | 172 ||| Stepping ~*~*~tactically~*~*~ (stealth).
   246 | D:1      | HP: 4/23 [frozen (2)]
   725 | D:1      | Reached skill level 2 in Unarmed Combat
  1058 | D:1      | Reached XP level 3. HP: 28/28 MP: 4/4
  1213 | D:1      | 1213 ||| Stepping ~*~*~tactically~*~*~ (stealth).
  1764 | D:1      | Reached skill level 3 in Unarmed Combat
  1771 | D:1      | 1771 ||| UPGRADING to +0 ring mail.
  1781 | D:1      | 1781 ||| DROPPING +0 robe.
  1782 | D:1      | 1782 ||| UPGRADING to amulet of guardian spirit.
  1787 | D:1      | 1787 ||| UPGRADING to +6 ring of strength.
  1788 | D:1      | 1788 ||| READING scroll labelled DAREAH YHURR.
  1792 | D:1      | 1792 ||| DROPPING potion of magic.
  1969 | D:2      | 1969 ||| FLEEEEING.
  1970 | D:2      | 1970 ||| FLEEEEING.
  2272 | D:2      | Reached XP level 4. HP: 35/35 MP: 5/5
  2490 | D:2      | Reached skill level 4 in Unarmed Combat
  3023 | D:2      | Found Zosearyss's Armour Boutique.
  3036 | D:2      | 3036 ||| BUYING +0 chain mail (63 gold).
  3036 | D:2      | Bought a +0 chain mail for 63 gold pieces
  3036 | D:2      | 3036 ||| BUYING +0 pair of boots (63 gold).
  3036 | D:2      | Bought a +0 pair of boots for 63 gold pieces
  3036 | D:2      | 3036 ||| SHOPLISTING +3 chain mail of poison resistance
                  | (329 gold, have 16).
  3303 | D:2      | 3303 ||| UPGRADING to +0 chain mail.
  3313 | D:2      | 3313 ||| DROPPING +0 ring mail.
  3314 | D:2      | 3314 ||| UPGRADING to +0 pair of boots.
  3319 | D:2      | 3319 ||| READING scroll labelled PAPLYO SANNE.
  3320 | D:2      | 3320 ||| READING scroll labelled QONEMOTHYZ.
  3321 | D:2      | 3321 ||| DRINKING 2 amethyst potions.
  3346 | D:3      | 3346 ||| Stepping ~*~*~tactically~*~*~ (stealth).
  3404 | D:3      | Noticed Pargi
  3416 | D:3      | Killed Pargi
  3417 | D:3      | Reached skill level 3 in Fighting
  3417 | D:3      | Reached XP level 5. HP: 27/46 MP: 3/6
  3625 | D:3      | 3625 ||| Stepping ~*~*~tactically~*~*~ (stealth).
  3634 | D:3      | 3634 ||| Stepping ~*~*~tactically~*~*~ (stealth).
  3638 | D:3      | 3638 ||| Stepping ~*~*~tactically~*~*~ (outnumbered).
  3639 | D:3      | 3639 ||| Stepping ~*~*~tactically~*~*~ (stealth).
  3640 | D:3      | 3640 ||| Stepping ~*~*~tactically~*~*~ (outnumbered).
  3641 | D:3      | 3641 ||| Stepping ~*~*~tactically~*~*~ (outnumbered).
  3642 | D:3      | 3642 ||| Stepping ~*~*~tactically~*~*~ (outnumbered).
  3679 | D:3      | Reached skill level 1 in Armour
  3679 | D:3      | Reached XP level 6. HP: 45/52 MP: 4/7
  3756 | D:3      | 3756 ||| Stepping ~*~*~tactically~*~*~ (stealth).
  3762 | D:3      | 3762 ||| Stepping ~*~*~tactically~*~*~ (outnumbered).
  3765 | D:3      | 3765 ||| Stepping ~*~*~tactically~*~*~ (outnumbered).
  3766 | D:3      | 3766 ||| Stepping ~*~*~tactically~*~*~ (outnumbered).
  3771 | D:3      | 3771 ||| Stepping ~*~*~tactically~*~*~ (stealth).
  3794 | D:3      | 3794 ||| Stepping ~*~*~tactically~*~*~ (stealth).
  3871 | D:3      | 3871 ||| Stepping ~*~*~tactically~*~*~ (stealth).
  3918 | D:3      | 3918 ||| Stepping ~*~*~tactically~*~*~ (stealth).
  3920 | D:3      | 3920 ||| Stepping ~*~*~tactically~*~*~ (stealth).
  3920 | D:3      | Noticed Grinder
  3925 | D:3      | 3925 ||| Stepping ~*~*~tactically~*~*~ (outnumbered).
  3926 | D:3      | 3926 ||| Stepping ~*~*~tactically~*~*~ (outnumbered).
  3927 | D:3      | 3927 ||| Stepping ~*~*~tactically~*~*~ (outnumbered).
  3943 | D:3      | Paralysed by Grinder for 5 turns
  3979 | D:3      | HP: 12/52 [Grinder (6)]
  3980 | D:3      | 3980 ||| READING scroll of teleportation.
  3980 | D:3      | Paralysed by Grinder for 2 turns
  3982 | D:3      | 3982 ||| Stepping ~*~*~tactically~*~*~ (hiding).
  3991 | D:3      | 3991 ||| FLEEEEING.
  3992 | D:3      | 3992 ||| FLEEEEING.
  3993 | D:3      | 3993 ||| FLEEEEING.
  3994 | D:3      | 3994 ||| FLEEEEING.
  3995 | D:3      | 3995 ||| FLEEEEING.
  3996 | D:3      | 3996 ||| FLEEEEING.
  3997 | D:3      | 3997 ||| FLEEEEING.
  3998 | D:3      | 3998 ||| FLEEEEING.
  4005 | D:3      | 4005 ||| Stepping ~*~*~tactically~*~*~ (hiding).
  4009 | D:3      | HP: 13/52 [adder (1)]
  4013 | D:3      | 4013 ||| Stepping ~*~*~tactically~*~*~ (hiding).
  4015 | D:3      | HP: 12/52 [jackal (1)]
  4016 | D:3      | 4016 ||| Stepping ~*~*~tactically~*~*~ (outnumbered).
  4021 | D:3      | Reached skill level 5 in Unarmed Combat
  4023 | D:3      | Paralysed by Grinder for 2 turns
  4024 | D:3      | HP: 8/52 [Grinder (6)]
  4025 | D:3      | HP: 2/52 [Grinder (6)]
  4027 | D:3      | Slain by Grinder

Levels and vault maps discovered:
D:1:      dpeg_arrival_arbitrary_c, layout_basic
D:2:      layout_basic, serial_shops, shop
D:3:      layout_basic, uniq_ijyb, uniq_pargi, uniq_grinder

Skill      XL: |  1  2  3  4  5  6 |
---------------+-------------------+-----
Unarmed Combat | 1 2 3 4 5 |  5.0
Fighting       | 1 3 |  3.8
Armour         | 1 |  1.5
Dodging        | |  1.7
Stealth        | |  2.1
Spellcasting   | |  1.7
Conjurations   | |  0.7
Fire Magic     | |  2.4

Action                   |  1- 3 |  4- 6 || total
-------------------------+-------+-------++-------
Melee: Unarmed           |   172 |   158 ||   330
       Punch             |     1 |     5 ||     6
  Use: Scroll            |     1 |     3 ||     4
       Potion            |       |     1 ||     1
Armor: Robe              |    22 |       ||    22
       Ring mail         |     7 |     9 ||    16
       Chain mail        |       |    61 ||    61
Dodge: Dodged            |   121 |    42 ||   163

Table legend:
 A = Non-vault XP
 B = Vault XP
 C = Vault XP percentage of total XP
 D = Non-vault monster count
 E = Vault monster count
 F = Vault count percentage of total count
                 A         B        C        D         E       F
            +---------+---------+-------+---------+---------+-------
      Total |     339 |     125 |  26.9 |      81 |       1 |   1.2
            +---------+---------+-------+---------+---------+-------
        D:1 |      56 |       0 |   0.0 |      33 |       0 |   0.0
        D:2 |      73 |       0 |   0.0 |      20 |       0 |   0.0
        D:3 |     210 |     125 |  37.3 |      28 |       1 |   3.4
            +---------+---------+-------+---------+---------+-------
